 Dungeon Crawl Stone Soup version 0.27-a0-1202-ge72e49191c (webtiles) character file.

Game seed: 10933974080012402990

44 Delamore the Skirmisher (level 3, -2/30 HPs)
             Began as a Formicid Fighter on June 4, 2021.
             Was a Follower of Elyvilon.
             Slain by a gnoll
             ... wielding a +2 spear of freezing
              (3 damage)
             ... on level 2 of the Dungeon.
             The game lasted 00:00:52 (1401 turns).

Delamore the Skirmisher (Formicid Fighter)          Turns: 1401, Time: 00:00:53

Health: -2/30      AC:  6    Str: 21    XL:     3   Next: 87%
Magic:  3/3        EV:  4    Int:  7    God:    Elyvilon [*.....]
Gold:   39         SH:  0    Dex: 10    Spells: 2/2 levels left

rFire    . . .     SeeInvis +   a - +0 trident
rCold    . . .     Faith    .   c - +0 kite shield
rNeg     . . .     Spirit   .   b - +0 scale mail
rPois    .         Reflect  .   (helmet unavailable)
rElec    .         Harm     .   (no cloak)
rCorr    .         Rampage  .   (no gloves)
Will     .....                  (no boots)
Stlth    ..........             (no amulet)
HPRegen  0.10/turn              (no ring)
MPRegen  0.08/turn              (no ring)

@: held
A: permanent stasis, dig shafts and tunnels, antennae 3, four strong arms
a: Dig, Shaft Self, Renounce Religion, Lesser Healing, Divine Protection


You were on level 2 of the Dungeon.
You worshipped Elyvilon.
Elyvilon was aware of your devotion.
You visited 1 branch of the dungeon, and saw 2 of its levels.

You collected 39 gold pieces.

Inventory:

Hand Weapons
 a - a +0 trident (weapon)
Armour
 b - a +0 scale mail (worn)
 c - a +0 kite shield (worn)
Jewellery
 k - a +6 ring of dexterity
Scrolls
 i - 2 scrolls of fog {unknown}
Potions
 d - a potion of might
 e - 2 potions of heal wounds {unknown}
 f - a potion of curing {unknown}
 g - a potion of mutation {unknown}
 h - a potion of resistance {unknown}
 j - a potion of attraction {unknown}


   Skills:
 + Level 3.9 Fighting
 * Level 3.3 Polearms
 - Level 3.2 Armour
 - Level 3.6 Shields


You had 2 spell levels left.
You didn't know any spells.
Your spell library was empty.

Dungeon Overview and Level Annotations

Branches:
Dungeon (2/15)

Altars:
Elyvilon


Innate Abilities, Weirdness & Mutations

You cannot be hasted, slowed, berserked, paralysed or teleported.
You can dig through walls and to a lower floor.
You have a pair of large antennae on your head. (SInv)
Your four strong arms can wield two-handed weapons with a shield.


Message History

You sense a monster nearby.
You open the door.
Found a stone staircase leading down.
There is an open door here.
There is an open door here.
You sense a monster nearby.
You open the door. 4 gnolls come into view.
A gnoll is wielding a +2 spear of freezing.
The gnoll shouts! x3
Found a stone staircase leading up.
You puncture the gnoll!
The gnoll is severely wounded.
The gnoll hits you with a +0 club. The gnoll barely misses you.
You puncture the gnoll!
You kill the gnoll!
The gnoll throws a throwing net.
The throwing net hits you.
You become entangled in the net!
The gnoll hits you from afar with a +2 spear of freezing.
The gnoll freezes you.
You are held in a net!
You are held in a net!
You are held in a net!
You are held in a net!
Unknown command.
Unknown command.
You struggle against the net.
The gnoll hits you with a +0 club.
The gnoll hits you from afar with a +2 spear of freezing.
The gnoll freezes you.
You struggle against the net.
The gnoll barely misses you.
You struggle against the net.
The gnoll hits you but does no damage.
The gnoll hits you from afar with a +2 spear of freezing!
The gnoll freezes you.
* * * LOW HITPOINT WARNING * * *
You struggle against the net.
The gnoll hits you with a +0 club.
* * * LOW HITPOINT WARNING * * *
The gnoll hits you from afar with a +2 spear of freezing!
* * * LOW HITPOINT WARNING * * *
The gnoll freezes you.
You die...

#.......####.....#####
##....#.#>.##...##.>#
#....#.#...#...#...#
......#.##..#...#'.###
###...#..###.....###.#
....#..............#
##...#.......8......#
...................#
#...######....@#####
#### ##.'#...#gg#
#...#...#.g.#
#<.##...##.<#
####.....#### #.######
#. # {


You could see 3 gnolls.

Vanquished Creatures
  A gnoll (D:2)
  An adder (D:2)
  A worm (D:2)
  A dart slug (D:2)
  An endoplasm (D:1)
  2 giant cockroaches (D:2)
  2 goblins (D:1)
  A hobgoblin (D:1)
  2 jackals (D:2)
  A quokka (D:2)
  5 bats
  A kobold (D:1)
19 creatures vanquished.

Notes
Turn   | Place    | Note
-------+----------+-------------------------------------------
     0 | D:1      | Delamore the Formicid Fighter began the quest for the Orb.
     0 | D:1      | Reached XP level 1. HP: 18/18 MP: 1/1
   292 | D:1      | Reached XP level 2. HP: 21/24 MP: 2/2
   450 | D:1      | Found a faded altar of an unknown god.
   484 | D:1      | Became a worshipper of Elyvilon the Healer
   484 | D:1      | Reached * piety under Elyvilon
   930 | D:2      | Reached XP level 3. HP: 11/30 MP: 3/3
  1401 | D:2      | HP: 1/30 [gnoll/+2 spear of freezing (7)]
  1401 | D:2      | Slain by a gnoll

Illustrated notes

Levels and vault maps discovered:
D:1:      minmay_arrival_stair_chambers, layout_basic,
          shapermc_ecumenical_altar_notcrosses
D:2:      layout_basic, minmay_misc_feat_cross, grunt_ministairs_6

Skill      XL: |  1  2  3 |
---------------+----------+-----
Polearms       | 3 |  3.3
Fighting       | |  3.9
Armour         | |  3.2
Shields        | |  3.6

Action                   || total
-------------------------++-------
Melee: Trident           ||    95
 Abil: Dig               ||     1
Armor: Scale mail        ||    35
Dodge: Dodged            ||    37
Block: Kite shield       ||    68

Table legend: (Time is in decaauts)
 A = Elapsed time spent in this place.
 B = Non-inter-level travel time spent in this place.
 C = Inter-level travel time spent in this place.
 D = Time resting spent in this place.
 E = Time spent auto-exploring this place.
 F = Levels seen in this place.
 G = Mean time per level.
                   A        B        C        D        E       F      G
               +--------+--------+--------+--------+--------+-----+--------+
         Total |   1435 |   1413 |     22 |    366 |    837 |   2 |  717.5 |
       Dungeon |   1435 |   1413 |     22 |    366 |    837 |   2 |  717.5 |
               +--------+--------+--------+--------+--------+-----+--------+

Top non-repeatable levels by time:
     D:1: 772 daAuts
     D:2: 663 daAuts
